 Dungeon Crawl Stone Soup version 0.29.0-4-gdea44cf6ec (webtiles) character file.

Game seed: 15035283439641459683

95 qw the Chopper (level 4, -2/26 HPs)
             Began as a Tengu Warper on Aug 28, 2022.
             Killed from afar by Natasha (10 damage)
             ... with a puff of flame
             ... on level 2 of the Dungeon.
             The game lasted 00:00:11 (1791 turns).

qw the Chopper (Tengu Warper)                       Turns: 1791, Time: 00:00:11

Health: -2/26      AC:  8    Str: 14    XL:     4   Next: 65%
Magic:  8/8        EV:  6    Int: 13    God:
Gold:   71         SH:  0    Dex: 13    Spells: 7/7 levels left

rFire   . . .      SeeInvis .   Y - +0 hand axe
rCold   . . .      Faith    .   (no shield)
rNeg    . . .      Spirit   .   h - +0 chain mail
rPois   .          Reflect  .   (helmet restricted)
rElec   .          Harm     .   (no cloak)
rCorr   .          Rampage  .   (no gloves)
Will    .....                   (boots unavailable)
Stlth   ..........              (no amulet)
HPRegen 0.08/turn               (no ring)
MPRegen 0.11/turn               (no ring)

@: no status effects
A: beak, talons 3
a: no special abilities


You were on level 2 of the Dungeon.
You visited 1 branch of the dungeon, and saw 2 of its levels.

You collected 71 gold pieces.


Innate Abilities, Weirdness & Mutations

You have a beak for a mouth.
You have claws for feet.


   Skills:
 - Level 2.0 Fighting
 + Level 5.2 Axes
 - Level 1.0 Throwing
 - Level 1.1 Armour
 - Level 2.1 Dodging
 - Level 2.0 Spellcasting
 - Level 2.4 Translocations


You had 7 spell levels left.
You didn't know any spells.
Your spell library contained the following spells:

 Spells                   Type           Power      Damage    Failure   Level
 Blink                    Tloc           14%        N/A       99%         2
 Gell's Gravitas          Tloc           7%         N/A       100%        3
 Lesser Beckoning         Tloc           7%         N/A       100%        3
 Teleport Other           Tloc           7%         N/A       100%        3
 Manifold Assault         Tloc           7%         N/A       100%        5

Inventory:

Hand Weapons
 f - a +0 club
 Y - a +0 hand axe (weapon)
Armour
 h - a +0 chain mail (worn)
Jewellery
 c - a ring of resist corrosion
Scrolls
 e - a scroll of immolation {unknown}
Potions
 a - a potion of haste {unknown}
 b - a potion of mutation {unknown}
 d - a potion of berserk rage {unknown}
 g - a potion of might {unknown}

Dungeon Overview and Level Annotations

Branches:
Dungeon (2/15)

Altars:

Annotations:
D:2 Natasha


Message History

Found a stone staircase leading up.
Enter note:
There is an open door here.
There is a stone staircase leading down here.
You see here a book of Storms.
A bat comes into view.
The bat hits you but does no damage.
Enter note: The bat hits you but does no damage.
You hit the bat.
The bat is moderately wounded.
The bat hits you but does no damage.
You completely miss the bat. Your kick misses the bat.
The bat is moderately wounded.
The bat hits you but does no damage. The bat hits you but does no damage.
The bat barely misses you. The bat barely misses you.
The bat hits you but does no damage. x2
You slash the bat!
You kill the bat!
There is an open door here.
You now have 71 gold pieces (gained 11).
Natasha, Servant of Life and Death comes into view.
She is carrying a wand of flame (19).
Natasha hisses angrily.
Natasha casts a spell at you. The magic dart hits you!
Enter note:
1780 ||| FLEEEEING.
1784 ||| FLEEEEING.
Natasha drinks a potion.
Natasha flickers and vanishes!
Deactivating autopickup; reactivate with Ctrl-A.
A magic dart appears from out of thin air!
The magic dart hits you.
A magic dart appears from out of thin air!
The magic dart hits you!
You hear a zap.
A puff of flame appears from out of thin air!
The puff of flame hits you!
You die...

>.:#+#########
###..........#
.............#
###..........# ########
# #..........# #......#
######## # #...<......#
#......# #....... #
#..........# #......#
#.......
#################......#
#.......
................@......#
#.......
#################......#
#.......
#......###.......
#........'.......
#.......##.......
#.......#........
#.......#......##
#####.#{####...#
#.#........#


There were no monsters in sight!

Vanquished Creatures
  Natasha (D:2)
  An adder (D:2)
  A worm (D:2)
  2 dart slugs (D:1)
  6 ball pythons (D:1)
  6 bats
  4 endoplasms
  4 giant cockroaches
  4 goblins (D:1)
  4 hobgoblins
  4 kobolds
  4 quokkas (D:1)
  2 frilled lizards
  5 rats (D:1)
48 creatures vanquished.

Notes
Turn   | Place    | Note
-------+----------+-------------------------------------------
     0 | D:1      | qw the Tengu Warper began the quest for the Orb.
     0 | D:1      | Reached XP level 1. HP: 12/12 MP: 4/4
     0 | D:1      | 0 ||| qw: Version: 0.1-a-89-g26bdef1
     0 | D:1      | 0 ||| qw: Game counter: 315
     0 | D:1      | 0 ||| qw: Always use a shield: true
     0 | D:1      | 0 ||| qw: God list: Okawaru
     0 | D:1      | 0 ||| qw: Allow faded altars: false
     0 | D:1      | 0 ||| qw: Do Orc after D:15 true
     0 | D:1      | 0 ||| qw: Do second Lair branch before Depths: true
     0 | D:1      | 0 ||| qw: Lair rune preference: random
     0 | D:1      | 0 ||| qw: Plans: Normal
     0 | D:1      | 0 ||| PLANNING D:1-11
   138 | D:1      | Reached skill level 3 in Axes
   138 | D:1      | Reached XP level 2. HP: 17/17 MP: 6/6
   268 | D:1      | 268 ||| Stepping ~*~*~tactically~*~*~ (hiding).
   325 | D:1      | Reached XP level 3. HP: 21/21 MP: 7/7
   352 | D:1      | 352 ||| Stepping ~*~*~tactically~*~*~ (stealth).
   354 | D:1      | 354 ||| Stepping ~*~*~tactically~*~*~ (stealth).
   391 | D:1      | 391 ||| Stepping ~*~*~tactically~*~*~ (stealth).
   398 | D:1      | Reached skill level 4 in Axes
   421 | D:1      | 421 ||| Stepping ~*~*~tactically~*~*~ (stealth).
   788 | D:1      | Found a faded altar of an unknown god.
  1051 | D:1      | 1051 ||| UPGRADING to +0 chain mail.
  1061 | D:1      | 1061 ||| DROPPING +0 leather armour.
  1062 | D:1      | 1062 ||| DROPPING +6 ring of intelligence.
  1063 | D:1      | 1063 ||| READING scroll labelled SIN NATO QOTIS.
  1066 | D:1      | 1066 ||| DRINKING 2 bubbling grey potions.
  1067 | D:1      | 1067 ||| DROPPING scroll of blinking.
  1068 | D:1      | 1068 ||| DROPPING potion of attraction.
  1157 | D:2      | Noticed Natasha
  1169 | D:2      | Killed Natasha
  1170 | D:2      | Reached XP level 4. HP: 9/26 MP: 8/8
  1421 | D:2      | Reached skill level 5 in Axes
  1779 | D:2      | Noticed Natasha
  1780 | D:2      | 1780 ||| FLEEEEING.
  1784 | D:2      | 1784 ||| FLEEEEING.
  1791 | D:2      | Killed from afar by Natasha

Levels and vault maps discovered:
D:1:      minmay_arrival_jagged, layout_loops_ring,
          hellmonk_ecumenical_altar_prayer_group, minmay_bisected
D:2:      layout_basic, minmay_tetromino_l4, uniq_natasha,
          uniq_crazy_yiuf_cottage

Skill      XL: |  1  2  3  4 |
---------------+-------------+-----
Axes           | 3 4 5 |  5.2
Fighting       | |  2.0
Throwing       | |  1.0
Armour         | |  1.1
Dodging        | |  2.1
Spellcasting   | |  2.0
Translocations | |  2.4

Action                   |  1- 3 |  4- 6 || total
-------------------------+-------+-------++-------
Melee: Hand axe          |    79 |    29 ||   108
       Kick              |    18 |     4 ||    22
       Peck              |     8 |     3 ||    11
       Punch             |     1 |       ||     1
Throw: Boomerang         |     7 |       ||     7
  Use: Scroll            |     1 |       ||     1
       Potion            |     1 |       ||     1
Armor: Leather armour    |    10 |       ||    10
       Chain mail        |     8 |    18 ||    26
Dodge: Dodged            |    25 |    10 ||    35

Table legend:
 A = Non-vault XP
 B = Vault XP
 C = Vault XP percentage of total XP
 D = Non-vault monster count
 E = Vault monster count
 F = Vault count percentage of total count
                 A         B        C        D         E       F
            +---------+---------+-------+---------+---------+-------
      Total |      96 |      40 |  29.4 |      45 |       3 |   6.2
            +---------+---------+-------+---------+---------+-------
        D:1 |      64 |       3 |   4.5 |      35 |       2 |   5.4
        D:2 |      32 |      37 |  53.6 |      10 |       1 |   9.1
            +---------+---------+-------+---------+---------+-------
